 Dungeon Crawl Stone Soup version 0.18-a0-1535-g243bd92 (webtiles) character file.

30 Mechanique the Chiller (level 3, -1/24 HPs)
             Began as a Mummy Ice Elementalist on Mar 9, 2016.
             Slain by an adder (4 damage)
             ... on level 2 of the Dungeon.
             The game lasted 00:05:34 (1192 turns).

Mechanique the Chiller (Mummy Ice Elementalist)     Turns: 1192, Time: 00:05:34

Health: -1/24      AC:  3    Str: 15    XL:     3   Next: 5%
Magic:  1/6        EV:  7    Int: 15    God:
Gold:   12         SH:  0    Dex: 12    Spells: 2 memorised, 3 levels left

rFire  x . .     SeeInvis .     f - +0 dagger
rCold  + . .     Gourm    .     a - +0 robe
rNeg   + + +     Faith    .     (no shield)
rPois  ∞         Spirit   .     (no helmet)
rElec  .         Dismiss  .     (no cloak)
rCorr  .         Reflect  .     (no gloves)
SustAt .         Harm     .     e - +0 pair of boots
MR     .....     Rnd*Tele +     (no amulet)
Stlth  ++........               h - +4 ring of strength
                                c - ring of teleportation (curse)

@: very slightly contaminated, not resistant to hostile enchantments, unstealthy
A: no food or potions, fire vulnerability, cold resistance 1, negative energy
resistance 3, torment resistance, unbreathing
a: no special abilities


You were on level 2 of the Dungeon.
You were not hungry.

You visited 1 branch of the dungeon, and saw 2 of its levels.

You collected 12 gold pieces.

Inventory:

Hand Weapons
 f - a +0 dagger (weapon)
Armour
 a - a +0 robe (worn)
 e - a +0 pair of boots (worn)
Jewellery
 c - a cursed ring of teleportation (left hand)
 h - a +4 ring of strength (right hand)
Scrolls
 d - 3 scrolls of magic mapping {unknown}
 g - a scroll of remove curse {unknown}
Books
 b - a book of Frost

   Spells                             Type                      Level
   a - Freeze                         Ice                          1
   b - Throw Frost                    Conjuration/Ice              2
   c - Ozocubu's Armour               Charms/Ice                   3
   d - Throw Icicle                   Conjuration/Ice              4
   e - Summon Ice Beast               Ice/Summoning                4


   Skills:
 - Level 1.8 Dodging
 - Level 1.5 Stealth
 - Level 2.2 Spellcasting
 + Level 0.7 Conjurations
 + Level 3.2 Ice Magic


You had 3 spell levels left.
You knew the following spells:

 Your Spells              Type           Power        Failure   Level  Hunger
a - Freeze                Ice            ##..         8%          1    N/A
b - Throw Frost           Conj/Ice       #.....       14%         2    N/A

Dungeon Overview and Level Annotations

Branches:
Dungeon (2/15)

Altars:

Annotations:
D:2 Terence


Innate Abilities, Weirdness & Mutations

You do not eat or drink.
Your flesh is vulnerable to fire.
You are immune to poison.
Your flesh is cold resistant.
You are immune to negative energy.
You are immune to unholy pain and torment.
You can survive without breathing.


Message History

Aim: an adder (lightly wounded)
You miscast Freeze.
You are very lightly contaminated with residual magic.
Wisps of condensation drift from your hands.
The adder bites you. x2
* * * LOW HITPOINT WARNING * * *
Casting: Freeze
Confirm with . or Enter, or press ? or * to list all spells.
You don't have enough magic to cast that spell.
Unknown command.
You closely miss the adder.
The adder is lightly wounded.
The adder bites you.
* * * LOW HITPOINT WARNING * * *
The adder bites you.
* * * LOW HITPOINT WARNING * * *
The adder closely misses you.
There is a stone staircase leading up here.
The adder bites you.
You die...

##### #...#
#...# #..$##
#....####### #
#......#...#..
#....#.$.....#
#@S..........#
#####........#
##........
##†......
......#
......#
......#
.....## ..
#.(.## ..


You could see an adder.

Vanquished Creatures
  3 dart slugs (D:1)
  A worm (D:2)
  A giant gecko (D:1)
  4 bats
  2 giant cockroaches
  4 goblins (D:1)
  A hobgoblin (D:1)
  2 giant newts (D:1)
  2 kobolds (D:1)
  A rat (D:1)
21 creatures vanquished.

Notes
Turn   | Place    | Note
--------------------------------------------------------------
     0 | D:1      | Mechanique the Mummy Ice Elementalist began the quest for the Orb.
     0 | D:1      | Reached XP level 1. HP: 13/13 MP: 3/3
   166 | D:1      | Reached XP level 2. HP: 14/19 MP: 0/5
   221 | D:1      | Learned a level 2 spell: Throw Frost
   631 | D:1      | Reached skill level 3 in Ice Magic
   995 | D:2      | Noticed Terence
  1061 | D:2      | Found a faded altar to an unknown god.
  1180 | D:2      | Reached XP level 3. HP: 13/24 MP: 0/6
  1192 | D:2      | Slain by an adder

Vault maps used:
D:1:      mrwooster_arrival_statue_2, columned_hall_lemuel
D:2:      ecumenical_altar_2, uniq_terence, uniq_crazy_yiuf_cottage

Skill      XL: |  1  2 |
---------------+-------+-----
Ice Magic      | 3 |  3.2
Dodging        | |  1.8
Stealth        | |  1.5
Spellcasting   | |  2.2
Conjurations   | |  0.7

Action                   || total
-------------------------++-------
Melee: Unarmed           ||    15
       Dagger            ||    14
 Cast: Freeze            ||    21
       Throw Frost       ||    13
